[Event "Titled Tuesday Blitz October 12 2021"]
[White "Odegov, Artem"]
[Black "Van Foreest, Jorden"]
[WhiteFideId "34183644"]
[BlackFideId "1039784"]
[WhiteElo "2287"]
[BlackElo "2600"]
[Result "0-1"]
[Round "01"]
[TimeControl "180+1"]
[Date "2021.10.12"]
[WhiteClock "0:00:07"]
[BlackClock "0:00:49"]

1. d4 f5 2. Bf4 Nf6 3. e3 e6 4. Be2 g6 5. h4 h6 6. Nf3 d6 7. c4 Bg7 8. Nc3 Qe7 9. Rc1 Nc6 10. d5 e5 11. dxc6 exf4 12. Nd5 Nxd5 13. Qxd5 b6 14. exf4 Be6 15. Qd2 Qf6 16. b3 O-O 17. O-O Rfe8 18. Rfe1 Bf7 19. Bf1 Qb2 20. Qxb2 Bxb2 21. Rc2 Ba3 22. Rxe8+ Rxe8 23. Re2 Bc5 24. g3 Rxe2 25. Bxe2 Be8 26. h5 gxh5 27. Nh4 Bxc6 28. Nxf5 Be4 29. Ne7+ Kg7 30. Nd5 c6 31. Nc3 Bg6 32. Bf3 Bb4 33. Nd1 Bb1 34. Bxc6 Bxa2 35. Ba4 b5 36. cxb5 d5 37. f3 d4 38. Kf2 Bb1 39. Ke2 d3+ 40. Ke3 Bc2 41. Nf2 Bc5+ 42. Kd2 Bxf2 43. g4 h4 44. f5 h3 45. b6 h2 46. b7 Bg3 47. f4 h1=Q 48. b8=Q Qe1# 0-1


[Site "https://www.chess.com"]

[Event "Titled Tuesday Blitz October 12 2021"]
[White "Pajeken, Jakob Leon"]
[Black "Bortnyk, Olexandr"]
[WhiteFideId "12942839"]
[BlackFideId "14120828"]
[WhiteElo "2351"]
[BlackElo "2723"]
[Result "0-1"]
[Round "01"]
[TimeControl "180+1"]
[Date "2021.10.12"]
[WhiteClock "0:00:42"]
[BlackClock "0:01:12"]

1. d4 Nf6 2. Nf3 b6 3. Bf4 Bb7 4. c4 e6 5. a3 d6 6. Nc3 Nbd7 7. Qd3 Be7 8. e4 e5 9. Bg3 exd4 10. Qxd4 Nc5 11. Nd2 O-O 12. b4 Ncxe4 13. Ncxe4 Nxe4 14. Nxe4 Bxe4 15. Qxe4 Re8 16. Be2 Bf6 17. Qb1 Bxa1 18. Qxa1 Qg5 19. Qd1 Qg4 20. Kf1 Qe6 21. f3 Re7 22. Bh4 f6 23. Qd5 Qxd5 24. cxd5 Re3 25. Kf2 Rae8 26. Bb5 R8e7 27. a4 Rb3 28. Re1 Rxe1 29. Kxe1 Rxb4 30. g4 Rb1+ 31. Kf2 Rb2+ 32. Kg3 g5 33. Kh3 gxh4 34. Kxh4 Rxh2+ 35. Kg3 Rd2 36. Kf4 Kg7 37. Kf5 Rxd5+ 38. Ke6 Rc5 39. Kd7 d5 40. Kc8 d4 41. Kb7 Rxb5 42. axb5 d3 43. Kxa7 d2 44. Kb7 d1=Q 45. Kxc7 Qxf3 46. Kxb6 Qxg4 47. Ka7 Qa4+ 0-1


[Site "https://www.chess.com"]

[Event "Titled Tuesday Blitz October 12 2021"]
[White "Perez Ponsa, Federico"]
[Black "harlem4brew"]
[WhiteFideId "117927"]
[WhiteElo "2672"]
[BlackElo "2484"]
[Result "1-0"]
[Round "01"]
[TimeControl "180+1"]
[Date "2021.10.12"]
[WhiteClock "0:00:07"]
[BlackClock "0:00:06"]

1. e4 c5 2. Nf3 Nc6 3. Bb5 g6 4. O-O Bg7 5. Re1 a6 6. Bxc6 bxc6 7. c3 d6 8. d4 cxd4 9. cxd4 Bg4 10. Be3 Nf6 11. Nbd2 O-O 12. Rc1 Rb8 13. b3 Qd7 14. h3 Bxf3 15. Qxf3 Rfc8 16. Nc4 Rb5 17. d5 cxd5 18. Nb6 Rxc1 19. Rxc1 Rxb6 20. Bxb6 Nxe4 21. Qd3 Qb7 22. Be3 e6 23. Qc2 Nc5 24. Bxc5 dxc5 25. Qxc5 Bf8 26. Qc8 Qb5 27. Qd8 Kg7 28. Rc8 Qb4 29. g3 Qe1+ 30. Kg2 Qe4+ 31. Kh2 Qb4 32. Rb8 Qc5 33. Kg2 d4 34. Rc8 Qb4 35. Rc7 Bd6 36. Rd7 Be5 37. Qe8 Qf8 38. Qxf8+ Kxf8 39. f4 Bf6 40. Kf3 h5 41. g4 hxg4+ 42. hxg4 a5 43. Ra7 Bd8 44. Ra8 Ke7 45. Ke4 Bb6 46. g5 Kd6 47. Rf8 Ke7 48. Rb8 Bc5 49. Ra8 Bb6 50. Ra6 Bc7 51. a4 Kd8 52. Ra8+ Kd7 53. Ra7 Kd8 54. Ra6 Kd7 55. Ra8 Ke7 56. Kxd4 Bxf4 57. Rxa5 Kf8 58. Ke4 Bd6 59. Rb5 Ke7 60. a5 f5+ 61. gxf6+ Kxf6 62. a6 Bc5 63. Rxc5 1-0


[Site "https://www.chess.com"]

[Event "Titled Tuesday Blitz October 12 2021"]
[White "Plotnikov, Pavel"]
[Black "Keymer, Vincent"]
[WhiteFideId "4170342"]
[BlackFideId "12940690"]
[WhiteElo "2298"]
[BlackElo "2524"]
[Result "0-1"]
[Round "01"]
[TimeControl "180+1"]
[Date "2021.10.12"]
[WhiteClock "0:00:01"]
[BlackClock "0:00:16"]

1. e4 c6 2. d4 d5 3. exd5 cxd5 4. Bd3 Nf6 5. c3 Bg4 6. Qb3 Qc7 7. Ne2 Bxe2 8. Bxe2 e6 9. Bg5 Ne4 10. Be3 Bd6 11. Nd2 O-O 12. Nf3 Nc6 13. O-O h6 14. Bd3 f5 15. a4 g5 16. h3 Na5 17. Qd1 Rac8 18. Ne5 f4 19. Bc1 Bxe5 20. dxe5 Nc4 21. Re1 f3 22. gxf3 Nxe5 23. fxe4 Nf3+ 24. Kf1 Qh2 25. Be3 Qxh3+ 26. Ke2 Qg4 27. Kf1 dxe4 28. Bxe4 Qxe4 29. Ke2 Qc4+ 0-1


[Site "https://www.chess.com"]

[Event "Titled Tuesday Blitz October 12 2021"]
[White "Rasulov, Vugar"]
[Black "Ljukin, Sergei"]
[WhiteFideId "13402390"]
[BlackFideId "14102200"]
[WhiteElo "2560"]
[BlackElo "2311"]
[Result "1-0"]
[Round "01"]
[TimeControl "180+1"]
[Date "2021.10.12"]
[WhiteClock "0:01:50"]
[BlackClock "0:00:26"]

1. e4 e6 2. d4 d5 3. Nd2 Nf6 4. e5 Nfd7 5. Bd3 c5 6. c3 Nc6 7. Ne2 cxd4 8. cxd4 f6 9. exf6 Qxf6 10. Nf3 h6 11. Qc2 Bd6 12. Bg6+ Kf8 13. O-O Kg8 14. Be3 Nf8 15. Bd3 Nb4 16. Qd2 Nxd3 17. Qxd3 Bd7 18. Ng3 Be8 19. Rfe1 Bg6 20. Qd2 Kh7 21. Rac1 Nd7 22. Qa5 Nb6 23. Ne5 Bxe5 24. dxe5 Qd8 25. b3 Nd7 26. Qxd8 Rhxd8 27. Rc7 b6 28. f4 Rac8 29. Rec1 Rxc7 30. Rxc7 Nc5 31. Bd4 Rd7 32. Rc6 Nd3 33. f5 Bxf5 34. Nxf5 exf5 35. Rd6 Rxd6 36. exd6 Nf4 37. d7 Ne6 38. Be5 Kg6 39. Bc7 Kf6 40. d8=Q+ Nxd8 41. Bxd8+ Ke5 42. Kf2 Kd4 43. Be7 Kc3 44. Bf8 g6 45. Bxh6 Kb2 46. b4 Kxa2 47. Ke3 a5 48. bxa5 bxa5 49. Kd4 Kb3 50. Kxd5 Kc2 51. Ke6 Kd3 52. Kf6 Ke2 53. Kxg6 Kf2 54. g3 1-0


[Site "https://www.chess.com"]

[Event "Titled Tuesday Blitz October 12 2021"]
[White "Royal, Shreyas"]
[Black "Indjic, Aleksandar"]
[WhiteFideId "448869"]
[BlackFideId "911925"]
[WhiteElo "1931"]
[BlackElo "2643"]
[Result "0-1"]
[Round "01"]
[TimeControl "180+1"]
[Date "2021.10.12"]
[WhiteClock "0:01:43"]
[BlackClock "0:02:31"]

1. d4 Nf6 2. c4 c5 3. d5 e6 4. Nc3 exd5 5. cxd5 d6 6. Nf3 g6 7. Bf4 Bg7 8. h3 O-O 9. e3 Na6 10. Be2 Nc7 11. O-O Re8 12. Nd2 Nfxd5 13. Nxd5 Nxd5 14. Bh2 Bxb2 15. Nc4 Nc3 16. Qc2 Nxe2+ 17. Qxe2 Bxa1 18. Rxa1 d5 19. Nd6 Re6 20. Qb5 Rxd6 21. Bxd6 Qxd6 22. Qe8+ Kg7 23. Rd1 b6 24. e4 Bb7 25. Qb5 d4 26. f3 Bc6 27. Qc4 Re8 28. a4 f5 29. exf5 gxf5 30. a5 Qg3 31. axb6 axb6 32. Qa6 Bxf3 33. Qa7+ Kh8 0-1


[Site "https://www.chess.com"]

[Event "Titled Tuesday Blitz October 12 2021"]
[White "Rozhkov, Viacheslav"]
[Black "Holt, Conrad"]
[WhiteFideId "4181484"]
[BlackFideId "2034387"]
[WhiteElo "2324"]
[BlackElo "2586"]
[Result "1-0"]
[Round "01"]
[TimeControl "180+1"]
[Date "2021.10.12"]
[WhiteClock "0:00:13"]
[BlackClock "0:00:17"]

1. e4 e6 2. d4 d5 3. e5 c5 4. c3 Nc6 5. Nf3 Bd7 6. a3 f6 7. Bd3 fxe5 8. Nxe5 Nf6 9. O-O cxd4 10. cxd4 Nxd4 11. Ng6 hxg6 12. Bxg6+ Ke7 13. Qxd4 Qb6 14. Be3 Qxd4 15. Bxd4 Kd8 16. Nd2 Bd6 17. Nf3 Be8 18. Bd3 Bh5 19. Ne5 Nd7 20. Rfe1 Nxe5 21. Bxe5 Bxe5 22. Rxe5 Bf7 23. f4 Ke7 24. f5 Kf6 25. Rae1 Rae8 26. g4 g5 27. fxg6 Bxg6 28. Bxg6 Kxg6 29. Rxe6+ Rxe6 30. Rxe6+ Kg5 31. Re5+ Kxg4 32. Rxd5 Rh7 33. Kg2 Rc7 34. Rd4+ Kf5 35. Rd2 Ke4 36. h4 Ke3 37. Rf2 Rg7+ 38. Kf1 Rh7 39. Rh2 Kf3 40. h5 Kg3 41. Rh1 Kg4 42. Ke2 Rxh5 43. Rxh5 Kxh5 44. Kd3 Kg6 45. Kd4 Kf6 46. Kc5 Ke6 47. b4 Ke5 48. b5 b6+ 49. Kc6 Kd4 50. Kb7 Kc4 51. a4 Kb4 52. Kxa7 Kxa4 53. Kxb6 1-0


[Site "https://www.chess.com"]

[Event "Titled Tuesday Blitz October 12 2021"]
[White "Silvestre, Christian"]
[Black "Yoo, Christopher Woojin"]
[WhiteFideId "30956269"]
[BlackFideId "30909694"]
[WhiteElo "2479"]
[BlackElo "2105"]
[Result "0-1"]
[Round "01"]
[TimeControl "180+1"]
[Date "2021.10.12"]
[WhiteClock "0:00:58"]
[BlackClock "0:00:04"]

1. Nf3 Nf6 2. d4 d5 3. Bf4 Bf5 4. e3 e6 5. Bd3 Ne4 6. h3 Bd6 7. Ne5 Nd7 8. Nxd7 Qxd7 9. Bxd6 Qxd6 10. Nd2 O-O 11. Nxe4 dxe4 12. Be2 c5 13. c3 cxd4 14. Qxd4 Qe7 15. O-O-O Rfd8 16. Qe5 f6 17. Qb5 Qc7 18. Rxd8+ Rxd8 19. Rd1 Rxd1+ 20. Bxd1 Bg6 21. g3 a6 22. Qb4 f5 23. Bb3 Bf7 24. h4 g6 25. Qd4 e5 26. Bxf7+ Kxf7 27. Qd5+ Kf6 28. Qg8 Qd7 29. Qh8+ Ke6 30. Qg8+ Kd6 31. Qb8+ Qc7 32. Qf8+ Qe7 33. Qb8+ Kc6 34. Kc2 Qe6 35. b3 Qd5 36. Qe8+ Kb6 37. Qc8 Qd3+ 38. Kb2 Qd2+ 39. Ka3 Qxf2 40. b4 Qxe3 41. Ka4 Ka7 42. c4 Qd4 43. c5 Qd5 44. Ka3 e3 45. Qc7 Qe6 46. c6 Qxc6 47. Qxe5 Qb6 48. Qd5 Qc6 49. Qe6 Qxe6 50. b5 axb5 51. Kb4 e2 52. Ka5 e1=Q+ 53. Kxb5 Qc6# 0-1


[Site "https://www.chess.com"]

[Event "Titled Tuesday Blitz October 12 2021"]
[White "Siva Mahadevan"]
[Black "Hamley, Ryan"]
[WhiteFideId "25043153"]
[BlackFideId "30959497"]
[WhiteElo "2203"]
[BlackElo "2462"]
[Result "1-0"]
[Round "01"]
[TimeControl "180+1"]
[Date "2021.10.12"]
[WhiteClock "0:02:20"]
[BlackClock "0:01:22"]

1. e4 c6 2. d4 d5 3. e5 Bf5 4. h4 h5 5. c4 e6 6. Nc3 dxc4 7. Bxc4 Ne7 8. Nge2 Nd7 9. Ng3 Bg6 10. Bg5 Qc7 11. Qe2 Nf5 12. Nxf5 Bxf5 13. O-O Bb4 14. Rac1 O-O 15. Qxh5 Nb6 16. Bb3 Be7 17. Nb5 Qd8 18. Nd6 Bxg5 19. hxg5 Bg6 20. Qh4 Rb8 21. Rc3 1-0


[Site "https://www.chess.com"]

[Event "Titled Tuesday Blitz October 12 2021"]
[White "Stromboli, Ettore"]
[Black "Lazavik, Denis"]
[WhiteFideId "813761"]
[BlackFideId "13515110"]
[WhiteElo "2414"]
[BlackElo "2436"]
[Result "0-1"]
[Round "01"]
[TimeControl "180+1"]
[Date "2021.10.12"]
[WhiteClock "0:00:32"]
[BlackClock "0:00:21"]

1. e4 c5 2. Nf3 e6 3. d4 cxd4 4. Nxd4 Nc6 5. c4 Qb6 6. Nc2 Nf6 7. Nc3 Bc5 8. Qe2 O-O 9. g3 Nd4 10. Nxd4 Bxd4 11. Bg2 d6 12. O-O Bd7 13. Rd1 Rac8 14. Be3 Bxe3 15. Qxe3 Qxe3 16. fxe3 Rxc4 17. Rxd6 Bc6 18. e5 Ng4 19. Bxc6 bxc6 20. Rd7 a5 21. Ra7 Rc5 22. Rd1 Nxe3 23. Rd6 Nc4 24. Rdd7 Nxe5 25. Rdc7 h6 26. Na4 Rd5 27. Nc3 Rd2 28. Rxa5 Nf3+ 29. Kf1 Nxh2+ 30. Ke1 Nf3+ 31. Kf1 Rxb2 32. Rxc6 Rd8 33. Rb5 Rc2 34. Rb1 Rd3 35. Rb3 Rdd2 36. Ne4 Rd1# 0-1


[Site "https://www.chess.com"]

[Event "Titled Tuesday Blitz October 12 2021"]
[White "Svane, Frederik"]
[Black "Lehtosaari, Mauri"]
[WhiteFideId "12923044"]
[BlackFideId "501999"]
[WhiteElo "2459"]
[BlackElo "2449"]
[Result "1-0"]
[Round "01"]
[TimeControl "180+1"]
[Date "2021.10.12"]
[WhiteClock "0:00:12"]
[BlackClock "0:00:08"]

1. e4 c5 2. Nf3 e6 3. d4 cxd4 4. Nxd4 Qb6 5. Nc3 Bc5 6. Na4 Qa5+ 7. c3 Bxd4 8. Qxd4 Nf6 9. Nc5 Nc6 10. Qd6 b6 11. Nb3 Qe5 12. Qxe5 Nxe5 13. f3 d5 14. exd5 Nxd5 15. Bd2 O-O 16. O-O-O Bb7 17. Bb5 Rac8 18. Rhe1 Nc4 19. Nd4 a6 20. Ba4 Nxd2 21. Rxd2 Rfd8 22. Bc2 g6 23. g3 Ne7 24. f4 Bd5 25. Kb1 Nc6 26. Red1 Nxd4 27. Rxd4 Rf8 28. Bb3 Bxb3 29. axb3 Rc6 30. Ra4 a5 31. b4 axb4 32. Rxb4 Kg7 33. Rd7 Rb8 34. Ra4 Rcc8 35. Raa7 Rf8 36. Kc2 h6 37. h4 Kf6 38. Kb3 g5 39. hxg5+ hxg5 40. fxg5+ Kg6 41. Kb4 Rbc8 42. Rab7 Rc6 43. c4 e5 44. Re7 Kf5 45. Rxf7+ Rxf7 46. Rxf7+ Kxg5 47. b3 e4 48. Re7 Kf5 49. Kb5 Re6 50. Rxe6 Kxe6 51. Kb4 Ke5 52. Kc3 Kf5 53. Kd4 1-0


[Site "https://www.chess.com"]

[Event "Titled Tuesday Blitz October 12 2021"]
[White "Tabatabaei, M. Amin"]
[Black "Pastar, Slaven"]
[WhiteFideId "12521213"]
[BlackFideId "14402718"]
[WhiteElo "2555"]
[BlackElo "2198"]
[Result "1-0"]
[Round "01"]
[TimeControl "180+1"]
[Date "2021.10.12"]
[WhiteClock "0:00:24"]
[BlackClock "0:00:01"]

1. b3 b6 2. e4 Bb7 3. Nc3 d6 4. d4 Nf6 5. Bd3 Nc6 6. d5 Ne5 7. Bb5+ c6 8. dxc6 Nxc6 9. Bb2 a6 10. Bxc6+ Bxc6 11. Qd3 b5 12. O-O-O Qc7 13. Kb1 e6 14. f3 Be7 15. g4 O-O 16. g5 Nd7 17. h4 Rfd8 18. Nh3 b4 19. Ne2 d5 20. exd5 Bxd5 21. Nhf4 Ne5 22. Nxd5 Rxd5 23. Qe4 Rad8 24. Rxd5 Rxd5 25. Nf4 Rb5 26. Re1 Nc6 27. Nxe6 fxe6 28. Qxe6+ Kf8 29. g6 hxg6 30. Qxg6 Ne5 31. Qh7 Kf7 32. f4 Bf6 33. fxe5 Bxe5 34. Qh5+ g6 35. Bxe5 1-0


[Site "https://www.chess.com"]

[Event "Titled Tuesday Blitz October 12 2021"]
[White "Tang, Andrew"]
[Black "Demin, Vladimir"]
[WhiteFideId "2059630"]
[BlackFideId "4167457"]
[WhiteElo "2588"]
[BlackElo "2490"]
[Result "1-0"]
[Round "01"]
[TimeControl "180+1"]
[Date "2021.10.12"]
[WhiteClock "0:00:05"]
[BlackClock "0:00:29"]

1. d4 Nf6 2. c4 e5 3. dxe5 Ng4 4. e3 Nxe5 5. Nh3 d5 6. cxd5 Bxh3 7. gxh3 Qh4 8. Nc3 Bb4 9. Bg2 Qc4 10. Qd4 Qxd4 11. exd4 Nd3+ 12. Ke2 Nxc1+ 13. Raxc1 a6 14. Ne4 Ba5 15. b4 Bb6 16. d6 Nc6 17. d5 Nxb4 18. dxc7 Kd7 19. d6 Rhe8 20. Kf3 Nd3 21. Rcd1 Ne5+ 22. Kg3 f5 23. Nc3 g5 24. Bxb7 f4+ 25. Kg2 f3+ 26. Kg3 h5 27. h4 gxh4+ 28. Kh3 Ng4 29. Nd5 Bxf2 30. Bxa8 Rxa8 31. Rhf1 Rg8 32. Ne7 Re8 33. c8=Q+ Rxc8 34. Nxc8 Kxc8 35. d7+ Kd8 36. Rd3 Ne5 37. Rd5 Ng4 38. Rb1 Ba7 39. Kxh4 f2 40. Rf5 Bd4 41. Rb7 Bf6+ 42. Kxh5 Nxh2 43. Rxf2 1-0


[Site "https://www.chess.com"]

[Event "Titled Tuesday Blitz October 12 2021"]
[White "Visakh N R"]
[Black "Babiy, Olga"]
[WhiteFideId "25012223"]
[BlackFideId "14117258"]
[WhiteElo "2454"]
[BlackElo "2192"]
[Result "1-0"]
[Round "01"]
[TimeControl "180+1"]
[Date "2021.10.12"]
[WhiteClock "0:00:36"]
[BlackClock "0:00:07"]

1. c4 Nf6 2. Nc3 g6 3. g3 Bg7 4. Bg2 d6 5. Nf3 e5 6. O-O O-O 7. d3 Nc6 8. Bg5 Qe8 9. Rb1 Bd7 10. Nd2 Nh5 11. Nd5 Rc8 12. Ne4 f6 13. Bd2 f5 14. Nec3 Nd4 15. e3 Ne6 16. Ne2 c6 17. Ndc3 f4 18. Bf3 Ng5 19. Bxh5 gxh5 20. exf4 Nf3+ 21. Kg2 Nxd2 22. Qxd2 Qe6 23. Ne4 Qh3+ 24. Kg1 Bh6 25. f3 d5 26. Ng5 Bxg5 27. fxg5 h4 28. Qe3 Rce8 29. cxd5 cxd5 30. Qxa7 d4 31. Rf2 Bc6 32. Rbf1 hxg3 33. Nxg3 Qh4 34. Ne4 Rf4 35. Nf6+ Rxf6 36. gxf6 Qg5+ 37. Rg2 1-0


[Site "https://www.chess.com"]

[Event "Titled Tuesday Blitz October 12 2021"]
[White "Vokhidov, Shamsiddin"]
[Black "Nguyen Hong Nhung"]
[WhiteFideId "14204223"]
[BlackFideId "12412201"]
[WhiteElo "2616"]
[BlackElo "1661"]
[Result "1-0"]
[Round "01"]
[TimeControl "180+1"]
[Date "2021.10.12"]
[WhiteClock "0:01:30"]
[BlackClock "0:00:14"]

1. e4 c5 2. Nf3 e6 3. d4 cxd4 4. Nxd4 Nc6 5. Nc3 Qc7 6. Be3 a6 7. Qf3 b5 8. Nxc6 Qxc6 9. a3 Bb7 10. Qg3 Nf6 11. Bd3 b4 12. axb4 Bxb4 13. Bd2 O-O 14. O-O d6 15. Rfe1 Bxc3 16. Bxc3 e5 17. f4 Nh5 18. Qg4 Nxf4 19. Rf1 Ng6 20. h4 Ne7 21. h5 h6 22. Rf2 Bc8 23. Qg3 f5 24. exf5 Bxf5 25. Be2 Rab8 26. Rxa6 Qc5 27. Ra5 Qb6 28. Rb5 Qc6 29. Rxb8 Rxb8 30. Bf3 Qc5 31. Kh2 Be6 32. Be4 Bf7 33. Bh7+ Kxh7 34. Rxf7 Rg8 35. Rxe7 Qc4 36. Bd2 Qe2 37. Qg6+ Kh8 38. Bxh6 Qf2 39. Bxg7+ Rxg7 40. Qxg7# 1-0


[Site "https://www.chess.com"]

[Event "Titled Tuesday Blitz October 12 2021"]
[White "Vovk, Orest"]
[Black "Hansen, Eric"]
[WhiteFideId "14113490"]
[BlackFideId "2606771"]
[WhiteElo "2203"]
[BlackElo "2568"]
[Result "0-1"]
[Round "01"]
[TimeControl "180+1"]
[Date "2021.10.12"]
[WhiteClock "0:00:04"]
[BlackClock "0:00:13"]

1. h3 d5 2. g4 e5 3. Bg2 c6 4. d4 Nd7 5. c4 dxc4 6. Nf3 Bb4+ 7. Nc3 exd4 8. Qxd4 Ngf6 9. Qxc4 Qe7 10. O-O O-O 11. Be3 Re8 12. Rfd1 Nb6 13. Qb3 Be6 14. Qc2 Nc4 15. Bg5 h6 16. Bh4 Rad8 17. Ne4 Rxd1+ 18. Rxd1 g5 19. Nxf6+ Qxf6 20. Bg3 Qxb2 21. Qe4 Qxa2 22. Nd4 Bd7 23. Qf3 Qa4 24. Rd3 Nb2 25. Rb3 c5 26. Rxb2 Qa1+ 27. Kh2 Qxb2 28. Qxb7 Qxd4 29. e3 Qd2 30. Bd5 Be6 31. Be4 Qd7 32. Qa6 Rc8 33. Qe2 c4 34. Qf3 Bf8 35. Kg2 c3 36. Be5 Bg7 37. Qg3 Bxe5 38. Qxe5 c2 39. Qf6 Bd5 40. Qxh6 Bxe4+ 41. Kg3 Qc7+ 42. f4 gxf4+ 43. exf4 Qc3+ 44. Kh4 c1=Q 45. Qg5+ Qg7 0-1


[Site "https://www.chess.com"]

[Event "Titled Tuesday Blitz October 12 2021"]
[White "Vusatiuk, Vladimir"]
[Black "Zhigalko, Sergei"]
[WhiteFideId "14118610"]
[BlackFideId "13502956"]
[WhiteElo "2167"]
[BlackElo "2662"]
[Result "0-1"]
[Round "01"]
[TimeControl "180+1"]
[Date "2021.10.12"]
[WhiteClock "0:00:20"]
[BlackClock "0:00:46"]

1. d4 Nf6 2. c4 e6 3. Nc3 Bb4 4. e3 O-O 5. Bd3 d5 6. Nf3 b6 7. O-O Bb7 8. cxd5 exd5 9. a3 Bd6 10. b4 a6 11. Rb1 Qe7 12. Qb3 b5 13. a4 c6 14. a5 Nbd7 15. Re1 Ne4 16. Bxe4 dxe4 17. Nd2 Nf6 18. Bb2 Bc8 19. d5 Rd8 20. g3 Bh3 21. dxc6 Bxb4 22. Nf1 Bxa5 23. Ba3 Qe5 24. Red1 Qxc3 25. Qa2 Qxc6 26. Bb2 Rxd1 27. Rxd1 Bb4 28. Qb3 Bf8 29. Rc1 Qe6 30. Qc2 Rc8 31. Qd2 Rxc1 32. Qxc1 Qf5 33. Nd2 Ng4 34. Qe1 Bb4 35. Qe2 h5 36. Nb3 Ne5 37. Qd1 Nd3 38. Qe2 Qd5 39. Nd4 Qa2 40. Qxh5 Qb1+ 41. Bc1 Qxc1+ 42. Qd1 Qxd1# 0-1


[Site "https://www.chess.com"]

[Event "Titled Tuesday Blitz October 12 2021"]
[White "Warmerdam, Max"]
[Black "Vivas Zamora, Fabian Ernesto"]
[WhiteFideId "1048104"]
[BlackFideId "3902480"]
[WhiteElo "2537"]
[BlackElo "1966"]
[Result "1-0"]
[Round "01"]
[TimeControl "180+1"]
[Date "2021.10.12"]
[WhiteClock "0:02:34"]
[BlackClock "0:00:04"]

1. e4 e5 2. Nf3 Nc6 3. Bb5 f5 4. d3 fxe4 5. dxe4 Nf6 6. O-O Bc5 7. Bxc6 bxc6 8. Nxe5 O-O 9. Nc3 d6 10. Nd3 Bd4 11. Qe1 Qe8 12. Be3 Bxc3 13. Qxc3 Qxe4 14. Rfe1 Qa4 15. a3 Nd5 16. Qd2 Nxe3 17. Rxe3 Bf5 18. Rae1 c5 19. g3 Rae8 20. Nf4 Rxe3 21. Rxe3 Qd4 22. Qc1 h6 23. c3 Qf6 24. Qe1 Bd7 25. Re7 Bc6 26. Qe6+ Qxe6 27. Nxe6 Rf7 28. Rxf7 Kxf7 29. Nd8+ Kf6 30. Nxc6 1-0


[Site "https://www.chess.com"]

[Event "Titled Tuesday Blitz October 12 2021"]
[White "Yordanov, Nikolay Plamenov"]
[Black "Kozak, Adam"]
[WhiteFideId "2907445"]
[BlackFideId "753246"]
[WhiteElo "2248"]
[BlackElo "2448"]
[Result "0-1"]
[Round "01"]
[TimeControl "180+1"]
[Date "2021.10.12"]
[WhiteClock "0:00:10"]
[BlackClock "0:00:07"]

1. d4 d5 2. Bf4 c5 3. e3 Nc6 4. c3 Qb6 5. b3 Nf6 6. Bd3 Bg4 7. Nf3 e6 8. O-O Bh5 9. h3 Bg6 10. Bxg6 hxg6 11. Nbd2 Rd8 12. a4 cxd4 13. exd4 Bd6 14. Bxd6 Rxd6 15. Re1 Qc7 16. b4 Ne7 17. Rc1 Nf5 18. a5 Qd8 19. Ne5 O-O 20. Qe2 Nd7 21. Ndf3 Nxe5 22. Nxe5 Qc7 23. g4 Ne7 24. Qd3 Nc6 25. Nf3 b6 26. axb6 axb6 27. Ng5 Qe7 28. f4 Rc8 29. Qg3 f6 30. Nf3 Nd8 31. Re3 Rdc6 32. Nh4 Qe8 33. Qe1 Qf7 34. Rc2 Nb7 35. Rce2 Nd6 36. Rxe6 Ne4 37. Rxc6 Rxc6 38. Re3 Kh7 39. f5 g5 40. Ng6 Qc7 41. Nf8+ Kg8 42. Ne6 Qc8 43. Rxe4 dxe4 44. Qxe4 Rxc3 45. Qd5 Rc1+ 46. Kh2 Qc2+ 47. Qg2 Qxg2+ 48. Kxg2 Rb1 49. d5 Kf7 50. Kf3 Rxb4 51. d6 Ke8 52. Nxg7+ Kd7 53. Nh5 Rb3+ 54. Kg2 Kxd6 55. Nxf6 b5 56. Ne4+ Ke5 57. Nxg5 b4 58. Nf3+ Kf4 59. Ng1 Rg3+ 60. Kf2 Ra3 61. Ne2+ Ke5 62. h4 b3 63. Nc1 b2 64. Nd3+ Rxd3 65. h5 b1=Q 66. h6 Qc2+ 67. Ke1 Rd1# 0-1


[Site "https://www.chess.com"]

[Event "Titled Tuesday Blitz October 12 2021"]
[White "Aggelis, Nikolaos"]
[Black "Svane, Frederik"]
[WhiteFideId "4213220"]
[BlackFideId "12923044"]
[WhiteElo "2154"]
[BlackElo "2459"]
[Result "1-0"]
[Round "02"]
[TimeControl "180+1"]
[Date "2021.10.12"]
[WhiteClock "0:00:18"]
[BlackClock "0:00:04"]

1. d4 Nf6 2. g3 e6 3. Bg2 d5 4. Nf3 b5 5. O-O Be7 6. b3 Bb7 7. c4 dxc4 8. bxc4 bxc4 9. Na3 O-O 10. Nxc4 c5 11. dxc5 Bxc5 12. Qxd8 Rxd8 13. Bg5 h6 14. Bxf6 gxf6 15. Rfd1 Na6 16. Na5 Bd5 17. Nd2 Rac8 18. Bxd5 Rxd5 19. Ndb3 Bb6 20. Rxd5 exd5 21. Rd1 Rc2 22. e3 Nc7 23. a4 Ra2 24. Nc6 Rxa4 25. Ne7+ Kg7 26. Nxd5 Nxd5 27. Rxd5 Rb4 28. Nd4 a5 29. Nc6 Rb1+ 30. Kg2 a4 31. Rd3 Bc5 32. Rc3 a3 33. Rxc5 a2 34. Ra5 a1=Q 35. Rxa1 Rxa1 36. Nd4 Ra2 37. g4 Kg6 38. Kg3 h5 39. h3 hxg4 40. hxg4 Kg7 41. Nf5+ Kf8 42. Kf3 Ke8 43. Kg3 Kd7 44. f3 Ke6 45. Kf4 Ra4+ 46. e4 Ra3 47. Ng7+ Kd6 48. Nf5+ Kc5 49. Nh6 Ra7 50. Kf5 Ra3 51. f4 Kd4 52. Nxf7 Ke3 53. Nd6 Ra5+ 54. e5 Kf3 55. g5 fxe5 56. fxe5 Kg3 57. g6 Kh4 58. g7 Ra8 59. Kg6 Rg8 60. Nf5+ Kg4 61. Nh6+ Kf4 62. Nxg8 Kxe5 63. Nh6 1-0


[Site "https://www.chess.com"]

[Event "Titled Tuesday Blitz October 12 2021"]
[White "Bartel, Michal"]
[Black "Tang, Andrew"]
[WhiteFideId "1119257"]
[BlackFideId "2059630"]
[WhiteElo "2211"]
[BlackElo "2588"]
[Result "0-1"]
[Round "02"]
[TimeControl "180+1"]
[Date "2021.10.12"]
[WhiteClock "0:00:21"]
[BlackClock "0:00:22"]

1. e4 e5 2. Nc3 Nf6 3. g3 Bc5 4. Bg2 d6 5. Nge2 Nc6 6. Na4 Bd4 7. c3 Bxf2+ 8. Kxf2 b5 9. Rf1 Bd7 10. d4 O-O 11. Kg1 h6 12. h3 bxa4 13. g4 Nh7 14. Ng3 Ne7 15. Nh5 Ng6 16. Be3 Ng5 17. Qd2 Qe7 18. d5 a6 19. Rf2 Nh4 20. Raf1 f6 21. Ng3 Qe8 22. Kh2 Kh7 23. Bh1 Rb8 24. Qd3 Bb5 25. c4 Bd7 26. Nh5 Qg6 27. Bxg5 Qxg5 28. Ng3 Ng6 29. Nh5 Qh4 30. Qg3 Rb4 31. Rc1 Rfb8 32. Rcc2 a3 33. b3 a5 34. Rc3 a4 35. bxa4 Rb2 36. Rcc2 Rxc2 37. Rxc2 Rb2 38. Qg2 Bxg4 39. Ng3 Nf4 40. Rxb2 Bxh3 41. Kg1 Bxg2 42. Rxg2 Nxg2 43. Kxg2 Qf4 44. Kh3 Qd2 45. Bf3 Qxa2 46. Bg4 Qxc4 47. Bf5+ g6 48. Bd7 a2 49. Bb5 Qc3 50. a5 a1=Q 51. Be2 Qh1+ 52. Kg4 h5+ 53. Nxh5 Qhh3# 0-1


[Site "https://www.chess.com"]

[Event "Titled Tuesday Blitz October 12 2021"]
[White "Bortnyk, Olexandr"]
[Black "Sydoryka, Vladyslav"]
[WhiteFideId "14120828"]
[BlackFideId "14145928"]
[WhiteElo "2723"]
[BlackElo "2282"]
[Result "1-0"]
[Round "02"]
[TimeControl "180+1"]
[Date "2021.10.12"]
[WhiteClock "0:00:03"]
[BlackClock "0:00:01"]

1. e4 c6 2. d4 d5 3. Nc3 dxe4 4. Nxe4 Bf5 5. Ng3 Bg6 6. h4 h6 7. Nh3 e6 8. Nf4 Bh7 9. Nfh5 Nd7 10. c3 Ngf6 11. Bc4 Nxh5 12. Nxh5 Nf6 13. Bf4 Nxh5 14. Qxh5 Bd6 15. Be5 Bxe5 16. Qxe5 Qf6 17. Qc7 Qe7 18. Qg3 O-O 19. O-O Rad8 20. Rfe1 Qd6 21. Re5 b5 22. Bb3 b4 23. Rae1 bxc3 24. bxc3 Rc8 25. Qe3 Rfd8 26. Rc5 Rb8 27. Qe5 Qd7 28. Ba4 Rb6 29. Re3 Qe7 30. Qf4 Rc8 31. Rg3 Bg6 32. Kh2 h5 33. Rcg5 c5 34. Bc2 Qf6 35. Qxf6 gxf6 36. Rxh5 f5 37. Rhg5 cxd4 38. h5 Rxc3 39. Rxc3 dxc3 40. hxg6 Rb2 41. gxf7+ Kxf7 42. Bxf5 Kf6 43. Rg3 exf5 44. Rxc3 Rxa2 45. f4 a5 46. Rc6+ Kg7 47. Kh3 a4 48. Ra6 Kf7 49. g3 a3 50. Kh4 Ra1 51. Kg5 a2 52. Kxf5 Rg1 53. Ra7+ Kf8 54. Rxa2 Rxg3 55. Kf6 Kg8 56. Ra8+ Kh7 57. f5 Rb3 58. Re8 Rb6+ 59. Re6 Rb5 60. Re5 Rb6+ 61. Kf7 Rb7+ 62. Re7 Rb5 63. f6 Rb6 64. Rd7 Kh6 65. Ke7 Kg6 66. f7 Rb1 67. f8=Q 1-0


[Site "https://www.chess.com"]